 Dungeon Crawl Stone Soup version 0.18-a0-1418-ga86aa8f (webtiles) character file.

24 Ijustatesigmund the Insei (level 3, -1/24 HPs)
             Began as an Octopode Transmuter on Feb 26, 2016.
             Slain by a goblin (3 damage)
             ... on level 1 of the Dungeon.
             The game lasted 00:01:31 (497 turns).

Ijustatesigmund the Insei (Octopode Transmuter)      Turns: 497, Time: 00:01:32

Health: -1/24      AC:  1    Str:  9    XL:     3   Next: 2%
Magic:  6/6        EV: 12    Int: 16    God:
Gold:   36         SH:  0    Dex: 12    Spells: 2 memorised, 3 levels left

rFire  . . .     SeeInvis .       - Unarmed
rCold  . . .     Gourm    .     (no shield)
rNeg   . . .     Faith    .     (helmet restricted)
rPois  .         Spirit   .     (no amulet)
rElec  .         Dismiss  .     (no ring)
rCorr  .         Reflect  .     (no ring)
SustAt .         Harm     .     (no ring)
MR     .....                    (no ring)
Stlth  ++........               (no ring)
                                (no ring)
                                (no ring)
                                (no ring)

@: not resistant to hostile enchantments, unstealthy
A: almost no armour, amphibious, 8 rings, constrict 8, camouflage 1, gelatinous
body 1
a: no special abilities


You were on level 1 of the Dungeon.
You were not hungry.

You visited 1 branch of the dungeon, and saw 1 of its levels.

You collected 36 gold pieces.

Inventory:

Missiles
 a - 31 arrows
Scrolls
 e - a scroll of enchant armour
 f - a scroll of identify
Potions
 g - a potion of mutation
Books
 b - a book of Changes

   Spells                             Type                      Level
   a - Beastly Appendage              Transmutation                1
   b - Sticks to Snakes               Transmutation                2
   c - Spider Form                    Transmutation/Poison         3
   d - Ice Form                       Ice/Transmutation            4
   e - Blade Hands                    Transmutation                5
Comestibles
 c - 2 bread rations
 d - a beef jerky


   Skills:
 * Level 2.2 Fighting
 - Level 2.0 Dodging
 + Level 3.5 Unarmed Combat
 - Level 2.0 Spellcasting
 - Level 2.0 Transmutations


You had 3 spell levels left.
You knew the following spells:

 Your Spells              Type           Power        Failure   Level  Hunger
a - Beastly Appendage     Trmt           #.....       10%         1    #......
b - Sticks to Snakes      Trmt           #.......     14%         2    ###....


Dungeon Overview and Level Annotations

Branches:
Dungeon (1/15)

Altars:


Innate Abilities, Weirdness & Mutations

You cannot wear most types of armour.
You are amphibious.
You can wear up to eight rings at the same time.
You can use your tentacles to constrict eight enemies at once.
Your skin changes colour to match your surroundings (Stealth).
Your rubbery body absorbs attacks (AC +1).


Message History

You bludgeon the ball python!
You kill the ball python!
The goblin closely misses you.
You barely miss the kobold. You grab the kobold. You tentacle-slap the kobold.
You squeeze the kobold.
You kill the kobold!
You have reached level 3!
Your experience leads to an increase in your attributes!
Increase (S)trength, (I)ntelligence, or (D)exterity?
You feel clever. The goblin closely misses you.
You miss the goblin. Your grab misses the goblin. The goblin hits you.
* * * LOW HITPOINT WARNING * * *
You closely miss the goblin. Your grab misses the goblin.
Your squeeze misses the goblin. The goblin closely misses you.
You barely miss the goblin. Your grab misses the goblin. The goblin hits you.
* * * LOW HITPOINT WARNING * * *
You barely miss the goblin. Your grab misses the goblin.
Your squeeze misses the goblin. The goblin hits you.
You die...

................^...#.# #
.................####.....
.................####.....
...........................
.................####......
.........#......(##........
.........###..#.....#!#..
#...#.#..........g........
....#..####..##(@..##.####
.......# #%.##.)†.# #
...##...... .....$#
...##..### .....(..#
...###.# #........# ...# .
###....### ...# .# ###...
...# #.#. .....


You could see a goblin.

Vanquished Creatures
  2 dart slugs (D:1)
  A giant gecko (D:1)
  5 hobgoblins (D:1)
  2 ball pythons (D:1)
  2 bats (D:1)
  2 goblins (D:1)
  3 kobolds (D:1)
  3 rats (D:1)
20 creatures vanquished.

Notes
Turn   | Place    | Note
--------------------------------------------------------------
     0 | D:1      | Ijustatesigmund the Octopode Transmuter began the quest for the Orb.
     0 | D:1      | Reached XP level 1. HP: 13/13 MP: 3/3
   119 | D:1      | Reached XP level 2. HP: 13/19 MP: 5/5
   123 | D:1      | Learned a level 2 spell: Sticks to Snakes
   493 | D:1      | Reached XP level 3. HP: 6/24 MP: 6/6
   497 | D:1      | Slain by a goblin

Vault maps used:
D:1:      minmay_arrival_nine_rooms

Skill      XL: |  1  2 |
---------------+-------+-----
Fighting       | 2 |  2.2
Dodging        | |  2.0
Unarmed Combat | |  3.5
Spellcasting   | |  2.0
Transmutations | |  2.0

Action                   || total
-------------------------++-------
Melee: Unarmed           ||    46
  Use: Scroll            ||     3
 Stab: Sleeping          ||     1
